 Dungeon Crawl Stone Soup version 0.31-a0-162-gc4c5a43528 (webtiles) character file.

Game seed: 7596260006487045149

150 qw the Shooter (level 5, 0/32 HPs)
             Began as a Gargoyle Hunter on June 12, 2023.
             Slain by Duvessa
             ... wielding a +2 short sword of protection
              (8 damage)
             ... on level 4 of the Dungeon.
             The game lasted 00:00:52 (2552 turns).

qw the Shooter (Gargoyle Hunter)                    Turns: 2552, Time: 00:00:53

Health: 0/32       AC: 10    Str: 15    XL:     5   Next: 32%
Magic:  5/5        EV: 11    Int:  9    God:
Gold:   39         SH:  0    Dex: 15    Spells: 4/4 levels left

rFire   . . .        Y - +0 shortbow
rCold   . . .        (shield currently unavailable)
rNeg    + . .        a - +0 ring mail
rPois   inf          f - +0 helmet
rElec   +            (no cloak)
rCorr   .            (no gloves)
SInv    .            (no boots)
Will    .....        (no amulet)
Stlth   +            (no ring)
HPRegen 0.25/turn    (no ring)
MPRegen 0.09/turn

%: no passive effects
@: about to teleport
A: sickness immunity, AC +4, negative energy resistance 1, electricity
resistance, torment resistance 1, petrification resistance
a: no special abilities


You were on level 4 of the Dungeon.
You visited 1 branch of the dungeon, and saw 4 of its levels.

You collected 169 gold pieces.
You spent 130 gold pieces at shops.


Innate Abilities, Weirdness & Mutations

You are immune to sickness and miasma.
Your stone body is resilient. (AC +4)
You are immune to poison.
You resist negative energy. (rN+)
You are resistant to electric shocks. (rElec)
You are resistant to unholy torment.
You are immune to petrification.


   Skills:
 + Level 3.0 Fighting
 - Level 6.0 Ranged Weapons
 - Level 1.2 Armour
 - Level 1.5 Dodging
 - Level 1.1 Stealth


You had 4 spell levels left.
You didn't know any spells.
Your spell library was empty.

Inventory:

Hand Weapons
 Y - a +0 shortbow (weapon)
Armour
 a - a +0 ring mail (worn)
 c - a +0 pair of gloves
 f - a +0 helmet (worn)
Scrolls
 e - 2 scrolls of teleportation
 g - a scroll of identify
 k - a scroll of fear {unknown}
Potions
 b - a potion of magic
 d - a potion of degeneration {unknown}
 h - 2 potions of heal wounds
 i - 2 potions of curing {unknown}
 j - a potion of attraction {unknown}
 l - a potion of might {unknown}

Dungeon Overview and Level Annotations

Branches:
Dungeon (4/15)
 Temple: D:4-7

Altars:
Zin

Shops:
D:4 [

Annotations:
D:4 1 runed translucent door, Crazy Yiuf, Dowan, Duvessa


Message History

Enter note:
Enter note:
Enter note:
Enter note:
Enter note: You shoot an arrow.
The arrow hits Dowan!
Dowan is moderately wounded.
Duvessa, Sister of Dowan comes into view.
She is wielding a +2 short sword of protection.
You shoot an arrow. The arrow hits Dowan.
Dowan is heavily wounded.
You shoot an arrow. The arrow hits Duvessa.
Duvessa is lightly wounded.
Dowan casts a spell at Duvessa.
Duvessa seems to speed up.
You shoot an arrow. The arrow barely misses Duvessa.
The arrow hits Dowan.
Dowan is heavily wounded.
Dowan drinks a potion.
Dowan is healed!
You shoot an arrow.
The arrow hits Duvessa but does no damage.
Duvessa is lightly wounded.
You shoot an arrow.
The arrow hits Duvessa but does no damage.
Duvessa is lightly wounded.
Duvessa hits you with a +2 short sword of protection!
You shoot an arrow. The arrow closely misses Duvessa.
Duvessa hits you with a +2 short sword of protection.
Duvessa says, "Beauty is only skin deep, and my weapons penetrate much further than that."
Duvessa hits you with a +2 short sword of protection.
You shoot an arrow.
The arrow hits Duvessa but does no damage.
Duvessa is lightly wounded.
Duvessa hits you with a +2 short sword of protection.
Dowan points at you and mumbles some strange words.
The puff of flame misses you.
Duvessa hits you with a +2 short sword of protection!
2552 ||| READING 3 scrolls of teleportation.
As you read the scroll of teleportation, it crumbles to dust.
You feel strangely unstable.
Duvessa hits you with a +2 short sword of protection!
You die...

##########
......)..######
..)...e@......#
..#####e.####.#
#.......#
....####.#
.##..# #.# #
#..# #.# #..#
#.# #.$# #.#
#.#


You could see Duvessa (fast) and Dowan.

Vanquished Creatures
  4 gnolls (D:3)
  5 adders
  A worm (D:2)
  A dart slug (D:1)
  An orc (D:3)
  8 endoplasms
  3 giant cockroaches
  9 goblins
  2 hobgoblins
  7 kobolds
  6 quokkas
  6 ball pythons
  2 bats (D:3)
  2 frilled lizards (D:1)
  4 rats
61 creatures vanquished.

Notes
Turn   | Place    | Note
-------+----------+-------------------------------------------
     0 | D:1      | qw the Gargoyle Hunter began the quest for the Orb.
     0 | D:1      | Reached XP level 1. HP: 12/12 MP: 1/1
     0 | D:1      | 0 ||| qw: Version: 0.2-a-29-gc1b59c4
     0 | D:1      | 0 ||| qw: Game counter: 4386
     0 | D:1      | 0 ||| qw: Always use a shield: true
     0 | D:1      | 0 ||| qw: God list: Okawaru
     0 | D:1      | 0 ||| qw: Allow faded altars: false
     0 | D:1      | 0 ||| qw: Do Orc after D:15 true
     0 | D:1      | 0 ||| qw: Do second Lair branch before Depths: true
     0 | D:1      | 0 ||| qw: Lair rune preference: random
     0 | D:1      | 0 ||| qw: Plans: Normal, Zot:1-4, Slime:5, God:TSO, Crypt,
                  | Tomb, Abyss, Pan, Hells, Win
     0 | D:1      | 0 ||| PLANNING D:1-11
   181 | D:1      | Reached XP level 2. HP: 17/17 MP: 2/2
   773 | D:1      | 773 ||| READING scroll labelled SYEHOUSIZY.
   774 | D:1      | 774 ||| READING scroll labelled FELINY KUICIHY.
   775 | D:1      | 775 ||| READING scroll labelled KUTHRE UPTUE.
   780 | D:1      | 780 ||| READING scroll labelled OLERCH BUIGGAIW.
   781 | D:1      | 781 ||| READING scroll labelled FYULLEICIS.
   782 | D:1      | 782 ||| DROPPING scroll of butterflies.
   866 | D:2      | Reached XP level 3. HP: 17/21 MP: 3/3
   915 | D:2      | Reached skill level 5 in Ranged Weapons
  1120 | D:2      | Reached skill level 3 in Fighting
  1137 | D:2      | Reached XP level 4. HP: 28/28 MP: 4/4
  1199 | D:2      | Found a faded altar of an unknown god.
  1539 | D:2      | 1539 ||| UPGRADING to +0 helmet.
  1544 | D:2      | 1544 ||| READING scroll labelled MUARPH UKAMN.
  1545 | D:2      | 1545 ||| READING scroll labelled AXZELI LIESHUS.
  1682 | D:3      | Reached XP level 5. HP: 13/32 MP: 5/5
  1991 | D:3      | Found a glowing silver altar of Zin.
  2198 | D:3      | 2198 ||| UPGRADING to +0 ring mail.
  2208 | D:3      | 2208 ||| DROPPING +0 leather armour.
  2209 | D:3      | 2209 ||| READING 2 scrolls of identify.
  2209 | D:3      | 2209 ||| IDENTIFYING murky clear potion
  2222 | D:4      | Found Sowaz's Antique Armour Emporium.
  2230 | D:4      | 2230 ||| SHOPLISTING embroidered hat (203 gold, have 154).
  2230 | D:4      | 2230 ||| BUYING pair of gloves (130 gold).
  2230 | D:4      | Bought a pair of gloves for 130 gold pieces
  2230 | D:4      | 2230 ||| SHOPLISTING pair of runed boots (217 gold, have
                  | 24).
  2230 | D:4      | 2230 ||| SHOPLISTING runed leather armour (145 gold, have
                  | 24).
  2230 | D:4      | 2230 ||| SHOPLISTING runed robe (107 gold, have 24).
  2272 | D:4      | Found a runed translucent door.
  2273 | D:4      | Noticed Crazy Yiuf
  2428 | D:4      | Reached skill level 1 in Armour
  2539 | D:4      | Reached skill level 6 in Ranged Weapons
  2543 | D:4      | Noticed Dowan
  2544 | D:4      | Noticed Duvessa
  2551 | D:4      | HP: 8/32 [Duvessa/+2 short sword of protection (10)]
  2552 | D:4      | 2552 ||| READING 3 scrolls of teleportation.
  2552 | D:4      | Slain by Duvessa

Levels and vault maps discovered:
D:1:      amcnicky_arrival_underground_garden, layout_basic, minmay_misc_feat_x,
          minmay_tromino_mix6
D:2:      layout_basic, nicolae_ecumenical_lake_church,
          kennysheep_generic_room_15
D:3:      layout_basic, zin_scriptorium
D:4:      layout_basic, serial_shops, shop, uniq_duvessa, uniq_edmund,
          uniq_crazy_yiuf_cottage

Skill      XL: |  1  2  3  4  5 |
---------------+----------------+-----
Ranged Weapons | 5 6 |  6.0
Fighting       | 3 |  3.0
Armour         | 1 |  1.2
Dodging        | |  1.5
Stealth        | |  1.1

Action                     |  1- 3 |  4- 6 || total
---------------------------+-------+-------++-------
   Fire: Shortbow          |   107 |    91 ||   198
    Use: Scroll            |     5 |     4 ||     9
 Armour: Leather armour    |    29 |    13 ||    42
         Ring mail         |       |    13 ||    13
  Dodge: Dodged            |    35 |    18 ||    53

Table legend:
 A = Non-vault XP
 B = Vault XP
 C = Vault XP percentage of total XP
 D = Non-vault monster count
 E = Vault monster count
 F = Vault count percentage of total count
                 A         B        C        D         E       F
            +---------+---------+-------+---------+---------+-------
      Total |     206 |       9 |   4.2 |      56 |       5 |   8.2
            +---------+---------+-------+---------+---------+-------
        D:1 |      19 |       5 |  20.8 |      10 |       3 |  23.1
        D:2 |      75 |       4 |   5.1 |      24 |       2 |   7.7
        D:3 |      75 |       0 |   0.0 |      15 |       0 |   0.0
        D:4 |      37 |       0 |   0.0 |       7 |       0 |   0.0
            +---------+---------+-------+---------+---------+-------
